AoeStats
← miguelon01

Arena

508971891Analyzed
1v1 RM · 8d ago on Sep 24, 2026· 33m 27s· 2 players
Game mode
Random Map
Map size
Tiny (2 player)
Population
200
Speed
Normal
Resources
Standard
Victory
Conquest
Starting age
Dark Age
Ending age
Imperial Age
RankedLock teamsTeams togetherTeam positionsShared explorationLock speedFull tech treeHidden civsTurbo modeCheats
Victory
Defeat
🇹🇼 Inca · Taiwan
1064
+13
🇧🇷 Burgundians · Brazil
1005
-13
miguelon01
7:03 Double-Bit Axe
9:43 Horse Collar
10:27 Gold Mining
11:21 Wheelbarrow
14:07 Feudal Age
13:20 Gold Mining
16:56 Forging
19:55 Castle Age
19:49 Bow Saw
20:20 Heavy Plow
20:29 Pikeman
22:27 Scale Mail Armor
27:00 Chain Mail Armor
30:22 Iron Casting
30:26 Squires
godissixyearold
10:56 Feudal Age
15:01 Castle Age
13:14 Double-Bit Axe
14:16 Champi Runner
14:49 Gold Mining
14:46 Horse Collar
16:52 Forging
18:43 Bow Saw
18:19 Champi Warrior
21:05 Gold Shaft Mining
21:03 Scale Mail Armor
23:12 Iron Casting
26:40 Chain Mail Armor
Connection lost

Rejoining the realm…

Still unreachable

The connection could not be restored.

Session expired

The server has moved on; the page needs a fresh start.